 Dungeon Crawl Stone Soup version 0.21.1-1-g345015f (webtiles) character file.

177 grindst0ne the Magician (level 5, 0/28 HPs)
             Began as a Deep Elf Earth Elementalist on Feb 24, 2018.
             Killed by divine providence
             ... invoked by an orc priest
              (15 damage)
             ... on level 4 of the Dungeon.
             The game lasted 00:06:39 (2594 turns).

grindst0ne the Magician (DEEE)                      Turns: 2594, Time: 00:06:40

Health: 0/28       AC:  3    Str:  5    XL:     5   Next: 30%
Magic:  13/15      EV: 13    Int: 21    God:
Gold:   165        SH:  0    Dex: 15    Spells: 9/15 levels left

rFire    . . .     SeeInvis .   l - +2 dagger (venom)
rCold    . . .     Gourm    .   (no shield)
rNeg     . . .     Faith    .   c - +0 robe
rPois    .         Spirit   .   k - +0 helmet
rElec    .         Reflect  .   (no cloak)
rCorr    .         Harm     .   (no gloves)
MR       .....                  (no boots)
Stlth    ++........             h - amulet of inaccuracy (curse)
HPRegen  0.09/turn              (no ring)
MPRegen  0.14/turn              (no ring)

@: no status effects
A: no striking features
a: no special abilities


You were on level 4 of the Dungeon.
You were not hungry.

You visited 1 branch of the dungeon, and saw 6 of its levels.

You collected 165 gold pieces.

Inventory:

Hand Weapons
 l - a +2 dagger of venom (weapon)
Armour
 c - a +0 robe (worn)
 k - a +0 helmet (worn)
Jewellery
 h - a cursed amulet of inaccuracy (around neck)
 r - an uncursed amulet of the gourmand {unknown}
Wands
 t - a wand of iceblast (7)
Scrolls
 n - 3 scrolls of identify
 o - a scroll of enchant weapon {unknown}
 q - a scroll of fog {unknown}
Potions
 a - a potion of mutation {unknown}
 f - a potion of invisibility {unknown}
 i - a potion of brilliance {unknown}
 j - a potion of magic {unknown}
 m - a potion of berserk rage {unknown}
 p - a potion of heal wounds {unknown}
 s - a potion of flight {unknown}
Books
 e - a book of Geomancy

   Spells                             Type                      Level
   a - Sandblast                      Earth                        1
   b - Passwall                       Transmutation/Earth          2
   c - Stone Arrow                    Conjuration/Earth            3
   d - Petrify                        Transmutation/Earth          4
   e - Lee's Rapid Deconstruction     Earth                        5
Comestibles
 d - 5 rations
 g - a chunk of flesh


   Skills:
 - Level 2.4 Dodging
 - Level 2.4 Stealth
 + Level 5.7 Spellcasting
 - Level 1.1 Transmutations
 + Level 5.2 Earth Magic


You had 9 spell levels left.
You knew the following spells:

 Your Spells              Type           Power        Failure   Level  Hunger
a - Sandblast             Erth           ####..       1%          1    None
b - Passwall              Tmut/Erth      ###.......   4%          2    None
c - Stone Arrow           Conj/Erth      ###...       11%         3    ##.....


Dungeon Overview and Level Annotations

Branches:
Dungeon (6/15)
 Temple: D:4-7

Altars:


Message History

That beam is likely to hit you.
Continue anyway?
The mass of ice explodes!
The iceblast engulfs the orc.
You kill the orc!
The iceblast engulfs the orc priest.
The orc priest is heavily wounded.
The iceblast engulfs you!
The iceblast engulfs the orc.
You kill the orc!
The orc closely misses you.
Casting: Sandblast
Confirm with . or Enter, or press ? or * to list all spells.
Aiming: Sandblast
Press: ? - help, Shift-Dir - straight line, f - orc priest
Aim: an orc priest, wielding a short sword and wearing a leather armour (heavily wounded)
The blast of sand hits the orc priest.
The orc priest is almost dead.
You now have no stones remaining.
The orc priest calls down the wrath of Beogh upon you.
Beogh smites you!
Ouch! That really hurt!
You die...

# ## #.#.
#.#.#
.... #.o
#.o####
#.o@..#
##.##.#
#. ....
####.##..
#.# ..#
#)# .#
#.# # #.#


You could see 2 orc priests and an orc.

Vanquished Creatures
  A crimson imp (D:5)
  Jessica (D:2)
  Robin (D:2)
  2 adders (D:3)
  A worm (D:3)
  3 leopard geckos
  9 orcs
  9 hobgoblins
  4 jackals (D:2)
  7 kobolds
  2 quokkas (D:5)
  A ball python (D:1)
  3 bats
  5 frilled lizards
  17 goblins
  5 rats
71 creatures vanquished.

Notes
Turn   | Place    | Note
-------+----------+-------------------------------------------
     0 | D:1      | grindst0ne the Deep Elf Earth Elementalist began the quest for the Orb.
     0 | D:1      | Reached XP level 1. HP: 10/10 MP: 6/6
   445 | D:1      | Reached XP level 2. HP: 15/15 MP: 4/8
   921 | D:2      | Noticed Robin
  1170 | D:2      | Reached XP level 3. HP: 19/19 MP: 6/10
  1340 | D:2      | Killed Robin
  1483 | D:2      | Noticed Jessica
  1502 | D:2      | Killed Jessica
  1502 | D:2      | Reached XP level 4. HP: 22/24 MP: 8/12
  1771 | D:2      | Learned a level 2 spell: Passwall
  1775 | D:2      | Learned a level 3 spell: Stone Arrow
  1965 | D:3      | Reached skill level 5 in Spellcasting
  2284 | D:3      | Reached skill level 5 in Earth Magic
  2295 | D:3      | You fall through a shaft for 3 floors!
  2329 | D:6      | Noticed an ogre
  2344 | D:5      | Entered Level 5 of the Dungeon
  2448 | D:5      | Reached XP level 5. HP: 28/28 MP: 12/14
  2594 | D:4      | Killed from afar by an orc priest

Skill      XL: |  1  2  3  4 |
---------------+-------------+-----
Spellcasting   | 4 5 |  5.7
Earth Magic    | 4 5 |  5.2
Dodging        | |  2.4
Stealth        | |  2.4
Transmutations | |  1.1

Action                   |  1- 3 |  4- 6 || total
-------------------------+-------+-------++-------
Melee: Dagger            |    20 |    37 ||    57
 Cast: Sandblast         |    54 |    51 ||   105
Evoke: Wand              |       |     1 ||     1
  Use: Scroll            |     3 |     2 ||     5
 Stab: Sleeping          |       |     1 ||     1
  Eat: Chunk             |     2 |     3 ||     5
Armor: Robe              |     3 |    18 ||    21
Dodge: Dodged            |    23 |    51 ||    74
